 Dungeon Crawl Stone Soup version 0.20-a0-16-g0876c8e (webtiles) character file.

75 Daviar the Conjurer (level 4, -8/30 HPs)
             Began as a Demonspawn Conjurer on Nov 4, 2016.
             Killed from afar by Sigmund (10 damage)
             ... with a puff of flame
             ... on level 2 of the Dungeon.
             The game lasted 00:05:12 (1818 turns).

Daviar the Conjurer (Demonspawn Conjurer)           Turns: 1818, Time: 00:05:19

Health: -8/30      AC:  2    Str:  8    XL:     4   Next: 11%
Magic:  3/8        EV: 12    Int: 17    God:
Gold:   144        SH:  0    Dex: 14    Spells: 2 memorised, 6 levels left

rFire  . . .     SeeInvis .     e - +0 short sword
rCold  . . .     Gourm    .     a - +0 robe
rNeg   . . .     Faith    .     (no shield)
rPois  .         Spirit   .     (helmet restricted)
rElec  .         Reflect  .     (no cloak)
rCorr  .         Harm     .     (no gloves)
MR     .....                    (no boots)
Stlth  ++........               (no amulet)
                                (no ring)
                                (no ring)

@: lethally poisoned (-8 -> -36)
A: horns 1
a: no special abilities


You were on level 2 of the Dungeon.
You were not hungry.

You visited 1 branch of the dungeon, and saw 2 of its levels.

You collected 144 gold pieces.

Inventory:

Hand Weapons
 e - a +0 short sword (weapon)
Armour
 a - a +0 robe (worn)
Scrolls
 g - a scroll of immolation {unknown}
 h - a scroll of identify {unknown}
 i - a scroll of amnesia {unknown}
 j - a scroll of teleportation {unknown}
 k - 2 scrolls of random uselessness {unknown}
 l - a scroll of noise {unknown}
 m - a scroll of enchant armour {unknown}
Potions
 d - 2 potions of degeneration {unknown}
 f - a potion of cure mutation
Books
 b - a book of Conjurations

   Spells                             Type                      Level
   a - Magic Dart                     Conjuration                  1
   b - Searing Ray                    Conjuration                  2
   c - Dazzling Spray                 Conjuration/Hexes            3
   d - Fulminant Prism                Conjuration/Hexes            4
   e - Iskenderun's Mystic Blast      Conjuration                  4
   f - Iskenderun's Battlesphere      Conjuration/Charms           5
Comestibles
 c - a bread ration
 n - a chunk of flesh


   Skills:
 - Level 1.7 Dodging
 - Level 1.7 Stealth
 + Level 3.1 Spellcasting
 + Level 5.0 Conjurations


You had 6 spell levels left.
You knew the following spells:

 Your Spells              Type           Power        Failure   Level  Hunger
a - Magic Dart            Conj           ###.         2%          1    None
b - Searing Ray           Conj           ###...       3%          2    ##.....


Dungeon Overview and Level Annotations

Branches:
Dungeon (2/15)

Altars:
Okawaru

Annotations:
D:2 Sigmund


Innate Abilities, Weirdness & Mutations

You have a pair of small horns on your head.


Message History

The searing ray hits the hobgoblin.
The hobgoblin is almost dead.
The hobgoblin barely misses you.
The searing ray hits the hobgoblin.
You kill the hobgoblin!
Your Conjurations skill increases to level 5!
Something hits you!
You are lethally poisoned!
You feel sick.
The searing ray hits something.
You finish channeling your searing ray.
You feel sick. Something hits you!
* * * LOW HITPOINT WARNING * * *
You are more poisoned.
It was a potion of cure mutation.
It has a very clean taste.
* * * LOW HITPOINT WARNING * * *
You feel sick.
You hear some strange, mumbled words.
A puff of flame appears from out of thin air!
The puff of flame hits you!
You die...

#.#...#.# #......._..รท
#.#...#.#.###...#.......
.#?..#.#.......#....... ...
#.######..##.....# #.# #.#
#....####.### ########^# #.#
#............ .........## #{#
#......###### .(........# #)#
#......###### ........#.###@#
#............ ........#..##.#
#............ ........##.##.#
#.........>..
..(.....##..#.####............
....(................#.#......
........###..)########.#......
...8....# #..........#.#......
..8.8...###....#####.#........
.8._.8....##...# #.###......


There were no monsters in sight!

Vanquished Creatures
  A gnoll (D:1)
  2 adders (D:2)
  A worm (D:2)
  2 dart slugs (D:1)
  A leopard gecko (D:1)
  2 giant cockroaches
  2 goblins (D:1)
  6 hobgoblins
  2 jackals (D:1)
  6 kobolds
  9 bats
  2 frilled lizards (D:1)
  4 rats (D:1)
40 creatures vanquished.

Notes
Turn   | Place    | Note
-------+----------+-------------------------------------------
     0 | D:1      | Daviar the Demonspawn Conjurer began the quest for the Orb.
     0 | D:1      | Reached XP level 1. HP: 13/13 MP: 3/3
   246 | D:1      | Gained mutation: You have a pair of small horns on your head. [demonic ancestry]
   246 | D:1      | Reached XP level 2. HP: 15/19 MP: 0/5
   689 | D:1      | Learned a level 2 spell: Searing Ray
   736 | D:1      | Reached XP level 3. HP: 24/24 MP: 2/7
  1309 | D:2      | Found an iron altar of Okawaru.
  1599 | D:2      | Reached XP level 4. HP: 26/30 MP: 2/8
  1710 | D:2      | Found a faded altar of an unknown god.
  1793 | D:2      | Noticed Sigmund
  1815 | D:2      | Reached skill level 5 in Conjurations
  1818 | D:2      | Killed from afar by Sigmund

Vault maps used:
D:1:      nagdon_arrival_zigzag_paths
D:2:      old_standard_altar, first_bread, ecumenical_altar_2,
          ashenzari_altar_1, uniq_sigmund

Skill      XL: |  1  2  3  4 |
---------------+-------------+-----
Spellcasting   | 3 |  3.1
Conjurations   | 5 |  5.0
Dodging        | |  1.7
Stealth        | |  1.7

Action                   |  1- 3 |  4- 6 || total
-------------------------+-------+-------++-------
Melee: Short sword       |    38 |    15 ||    53
       Headbutt          |     1 |       ||     1
 Cast: Magic Dart        |    51 |     2 ||    53
       Searing Ray       |     4 |     1 ||     5
  Use: Potion            |       |     1 ||     1
 Stab: Sleeping          |     1 |       ||     1
  Eat: Chunk             |     2 |     1 ||     3
Armor: Robe              |    12 |     1 ||    13
Dodge: Dodged            |    33 |    13 ||    46
